 Dungeon Crawl Stone Soup version 0.28.0 (webtiles) character file.

Game seed: 7183128945367577766

2434 growler the Zephyrmancer (level 9, -11/45 HPs)
             Began as a Tengu Air Elementalist on Feb 17, 2022.
             Mangled by a vampire mosquito (12 damage)
             ... on level 6 of the Dungeon.
             The game lasted 00:20:49 (9720 turns).

growler the Zephyrmancer (Tengu Air Elementalist)   Turns: 9720, Time: 00:20:50

Health: -11/45     AC:  3    Str: 10    XL:     9   Next: 49%
Magic:  13/17      EV: 14    Int: 19    God:
Gold:   332        SH:  0    Dex: 14    Spells: 8/18 levels left

rFire   . . .      SeeInvis +   (no weapon)
rCold   . . .      Faith    .   (no shield)
rNeg    . . .      Spirit   .   a - +0 robe
rPois   .          Reflect  .   (helmet restricted)
rElec   .          Harm     .   p - +0 cloak
rCorr   .          Rampage  .   (no gloves)
Will    .....                   (boots unavailable)
Stlth   ++........              (no amulet)
HPRegen 0.15/turn               r - ring of wizardry
MPRegen 0.15/turn               z - ring of see invisible

@: flying quickly and evasively, quick
A: beak, talons 3, nimble flight
a: no special abilities


You were on level 6 of the Dungeon.
You visited 1 branch of the dungeon, and saw 7 of its levels.

You collected 332 gold pieces.

Inventory:

Armour
 a - a +0 robe (worn)
 p - a +0 cloak (worn)
   (You found it on level 4 of the Dungeon)
Jewellery
 f - a ring of willpower
   (You found it on level 2 of the Dungeon)
 i - a +6 ring of strength
   (You found it on level 3 of the Dungeon)
 o - a ring of protection from cold
   (You found it on level 3 of the Dungeon)
 r - a ring of wizardry (left hand)
   (You found it on level 4 of the Dungeon)
 z - a ring of see invisible (right hand)
   (You took it off a goblin on level 2 of the Dungeon)
Wands
 t - a wand of flame (9)
   (You found it on level 4 of the Dungeon)
 u - a wand of paralysis (8)
   (You found it on level 4 of the Dungeon)
 v - a wand of mindburst (13)
   (You found it on level 5 of the Dungeon)
Scrolls
 b - 2 scrolls of teleportation {@r4}
 d - a scroll of noise {unknown}
 h - a scroll of amnesia {unknown}
 m - 2 scrolls of fog
 n - a scroll of vulnerability {!r}
Potions
 c - a potion of brilliance
 e - a potion of berserk rage {unknown}
 g - a potion of invisibility {unknown}
 j - a potion of haste {@q3}
 k - 2 potions of curing {unknown}
 l - a potion of lignification {!q}
 q - a potion of flight


   Skills:
 - Level 2.1 Dodging
 - Level 2.0 Stealth
 - Level 5.0 Spellcasting
 - Level 9.0 Conjurations
 + Level 12.5 Air Magic


You had 8 spell levels left.
You knew the following spells:

 Your Spells              Type           Power      Damage    Failure   Level
a - Shock                 Conj/Air       100%       1d9       1%          1
b - Airstrike             Air            25%        N/A       1%          4
d - Static Discharge      Conj/Air       45%        N/A       1%          2
s - Swiftness             Air            51%        N/A       1%          3

Your spell library contained the following spells:

 Spells                   Type           Power      Damage    Failure   Level


Dungeon Overview and Level Annotations

Branches:
Dungeon (7/15)
 Temple: D:4-7

Altars:
Elyvilon
Kikubaaqudgha

Shops:
D:3 (

Annotations:
D:6 1 runed translucent door, Crazy Yiuf
D:7 Dowan, Duvessa


Innate Abilities, Weirdness & Mutations

You have a beak for a mouth.
You have claws for feet.
Your magical nature lets you fly swiftly and evasively.


Message History

You start resting.
Things that are here:
a +0 leather armour; a +0 rapier You see here a +0 club.
You see here a +0 club.
Things that are here:
a +0 robe; a +0 dagger
Things that are here:
a +0 robe; a +0 dagger
There is a stone staircase leading down here.
You fly downwards.
Level annotation: Dowan, Duvessa The vampire mosquito buzzes angrily. x2; You hear an angry buzzing noise.
The vampire mosquito buzzes angrily.
A vampire mosquito comes into view.
Found 20 gold pieces, 2 potions of lignification and a hand crossbow.
Found a stone staircase leading up.
There is a stone staircase leading up here.
The vampire mosquito misses you.
The vampire mosquito is struck by an arc of lightning!
The vampire mosquito is struck by an arc of lightning.
The lightning grounds out.
The vampire mosquito bites you but does no damage.
The vampire mosquito misses you. The vampire mosquito bites you!
The vampire mosquito draws strength from your injuries!
The vampire mosquito bites you!
The vampire mosquito draws strength from your injuries!
The vampire mosquito bites you!
* * * LOW HITPOINT WARNING * * *
The vampire mosquito draws strength from your injuries!
The vampire mosquito completely misses you.
The vampire mosquito bites you but does no damage.
The vampire mosquito bites you.
* * * LOW HITPOINT WARNING * * *
The vampire mosquito draws strength from your injuries!
You fly upwards.
Level annotation: 1 runed translucent door, Crazy Yiuf
There is a stone staircase leading down here.
The vampire mosquito is struck by an arc of lightning. x3
You are struck by an arc of lightning.
* * * LOW HITPOINT WARNING * * *
The lightning grounds out.
The vampire mosquito bites you.
* * * LOW HITPOINT WARNING * * *
The vampire mosquito draws strength from your injuries!
The vampire mosquito bites you.
* * * LOW HITPOINT WARNING * * *
The vampire mosquito draws strength from your injuries!
The vampire mosquito bites you!
You die...

#...#.######.###<..
#...#.# #.# #### #...#.#
#.# # ##'##.# #.# #
#.##.######.# #
#.##........# #
#.##..######### #
########y##..###.....####
#......y@y[[...........))
#.#########).##...)....)[
#.#########..##....[..###
#.........[.^.........# #
##########..####......# #
#..#.........# #
#......#'###.# #
#.##.###.# #.# #
########.#....#.# #.# #


You could see 3 vampire mosquitoes.

Vanquished Creatures
  A troll (D:6)
  Grinder (D:4)
  Eustachio (D:6)
  3 water moccasins
  An orc warrior (D:4)
  2 black bears
  An ogre (D:5)
  A centaur (D:6)
  A phantom (D:4)
  3 bullfrogs
  A wyvern zombie (D:6)
  4 scorpions
  A centaur zombie (D:6)
  2 orc priests
  Jessica (D:2)
  2 iguanas
  6 orc wizards
  A killer bee zombie (D:6)
  8 adders
  4 gnolls (D:2)
  A shadow imp (D:6)
  An ufetubus (D:5)
  2 worms (D:2)
  3 adder skeletons
  3 dart slugs
  10 orcs
  6 bats
  6 endoplasms
  3 giant cockroaches
  12 goblins
  7 hobgoblins
  4 jackals (D:5)
  10 kobolds
  5 quokkas
  11 ball pythons
  2 frilled lizards
  4 rats
135 creatures vanquished.

Vanquished Creatures (others)
  A human (D:4)
1 creature vanquished.

Grand Total: 136 creatures vanquished

Notes
Turn   | Place    | Note
-------+----------+-------------------------------------------
     0 | D:1      | growler the Tengu Air Elementalist began the quest for the
                  | Orb.
     0 | D:1      | Reached XP level 1. HP: 10/10 MP: 4/4
   189 | D:1      | Reached XP level 2. HP: 15/15 MP: 3/6
   256 | D:1      | Learned a level 2 spell: Static Discharge
   691 | D:1      | Reached XP level 3. HP: 19/19 MP: 5/7
  1631 | D:2      | Reached skill level 5 in Air Magic
  1631 | D:2      | Reached XP level 4. HP: 23/24 MP: 0/9
  2001 | D:2      | Learned a level 3 spell: Swiftness
  2446 | D:2      | Gained mutation: Your magical nature lets you fly swiftly
                  | and evasively. [Tengu growth]
  2446 | D:2      | Reached XP level 5. HP: 25/28 MP: 7/10
  2512 | D:2      | Learned a level 4 spell: Airstrike
  2852 | D:2      | Noticed Jessica
  2856 | D:2      | Killed Jessica
  3005 | D:3      | Found Kudwuce's Weapon Shoppe.
  3628 | D:3      | Found a faded altar of an unknown god.
  3650 | D:3      | Reached skill level 6 in Air Magic
  3650 | D:3      | Reached XP level 6. HP: 26/32 MP: 5/12
  3873 | D:3      | Noticed a water moccasin
  3876 | D:3      | Killed a water moccasin
  3877 | D:3      | Reached skill level 5 in Conjurations
  4682 | D:4      | Noticed Grinder
  4847 | D:4      | Found an ancient bone altar of Kikubaaqudgha.
  4848 | D:4      | Noticed a human
  4851 | D:4      | Killed a human
  4950 | D:4      | Noticed an orc warrior
  5014 | D:4      | Killed an orc warrior
  5015 | D:4      | Reached XP level 7. HP: 35/36 MP: 2/14
  5178 | D:4      | Paralysed by Grinder for 3 turns
  5449 | D:4      | Reached skill level 7 in Air Magic
  5704 | D:4      | Killed Grinder
  6017 | D:4      | Found a white marble altar of Elyvilon.
  6289 | D:5      | Entered Level 5 of the Dungeon
  6428 | D:5      | Reached skill level 5 in Spellcasting
  6428 | D:5      | Reached XP level 8. HP: 41/41 MP: 7/16
  6684 | D:5      | Reached skill level 8 in Air Magic
  6808 | D:5      | HP: 2/41 [/static electricity (4)]
  7602 | D:6      | Reached skill level 9 in Air Magic
  7894 | D:6      | Found a glowing drain.
  8203 | D:6      | Noticed Eustachio
  8233 | D:6      | Killed Eustachio
  8266 | D:6      | Reached skill level 10 in Air Magic
  8302 | D:6      | Noticed a troll
  8481 | D:6      | Killed a troll
  8482 | D:6      | Reached skill level 11 in Air Magic
  8482 | D:6      | Reached XP level 9. HP: 45/45 MP: 4/17
  9179 | D:6      | Found a runed translucent door.
  9180 | D:6      | Noticed Crazy Yiuf
  9451 | D:7      | Reached skill level 12 in Air Magic
  9570 | D:7      | Noticed Duvessa
  9575 | D:7      | Noticed Dowan
  9720 | D:6      | HP: 1/45 [vampire mosquito (4)]
  9720 | D:6      | Mangled by a vampire mosquito

Illustrated notes

Levels and vault maps discovered:
D:1:      dpeg_arrival_renting, layout_rooms, minmay_domino_4
D:2:      layout_loops_ring, kennysheep_jessica_study
D:3:      layout_basic, serial_shops, shop, shapermc_ecumenical_altar_ellora,
          st_stairs_11
D:4:      layout_basic, mainiacjoe_overflow_catwalk, tgw_kikubaaqudgha,
          minmay_pentangle, uniq_grinder
D:5:      layout_basic, nrook_mini_backslash, lemuel_old_faithful
D:6:      layout_basic, portal_sewer_entry_c, uniq_eustachio,
          uniq_crazy_yiuf_cottage
D:7:      layout_cave_pools, marbit_many_paths, mainiacjoe_overflow_24_doors,
          minmay_temple_entry_waves, st_stairs_2, uniq_duvessa

Skill      XL: |  1  2  3  4  5  6  7  8  9 |
---------------+----------------------------+-----
Conjurations   | 2 3 4 5 6 9 |  9.0
Air Magic      | 5 6 7 11 12 | 12.5
Spellcasting   | 3 4 5 |  5.0
Dodging        | |  2.1
Stealth        | |  2.0

Action                   |  1- 3 |  4- 6 |  7- 9 || total
-------------------------+-------+-------+-------++-------
Melee: Unarmed           |     5 |     6 |    13 ||    24
       Peck              |     1 |     1 |     1 ||     3
       Kick              |       |       |     3 ||     3
 Cast: Shock             |    77 |    42 |     4 ||   123
       Static Discharge  |       |    41 |    55 ||    96
       Airstrike         |       |     7 |    45 ||    52
  Use: Scroll            |       |       |     7 ||     7
Armor: Robe              |     1 |     4 |    13 ||    18
Dodge: Dodged            |     8 |    33 |    49 ||    90
